 Dungeon Crawl Stone Soup version 0.24.0-28-g17ded55e90 (webtiles) character file.

Game seed: 15906385576651220465, levelgen mode: deterministic

57 Delamore the Chopper (level 4, -1/39 HPs)
             Began as a Hill Orc Monk on Nov 11, 2019.
             Slain by Grinder (3 damage)
             ... on level 3 of the Dungeon.
             The game lasted 00:03:24 (2204 turns).

Delamore the Chopper (Hill Orc Monk)                Turns: 2204, Time: 00:03:25

Health: -1/39      AC: 11    Str: 12 (14) XL:     4   Next: 0%
Magic:  4/4        EV:  5    Int: 14 (15) God:
Gold:   52         SH:  0    Dex: 12 (13) Spells: 3/3 levels left

rFire    . . .     SeeInvis .   a - +1 hand axe
rCold    . . .     Gourm    .   (no shield)
rNeg     . . .     Faith    +   o - +0 chain mail
rPois    .         Spirit   .   (no helmet)
rElec    .         Reflect  .   e - +1 cloak
rCorr    .         Harm     .   d - +0 pair of gloves
MR       .....                  (no boots)
Stlth    ..........             n - amulet of faith
HPRegen  0.13/turn              (no ring)
MPRegen  0.09/turn              (no ring)

@: brilliant
A: no striking features
a: no special abilities


You were on level 3 of the Dungeon.
You were not hungry.

You visited 1 branch of the dungeon, and saw 3 of its levels.

You collected 52 gold pieces.

Inventory:

Hand Weapons
 a - a +1 hand axe (weapon)
Armour
 d - a +0 pair of gloves (worn)
 e - a +1 cloak (worn)
 o - a +0 chain mail (worn)
Jewellery
 n - an amulet of faith (around neck)
Potions
 f - a potion of magic
Comestibles
 b - a chunk of flesh
 c - 3 rations


   Skills:
 - Level 3.6 Fighting
 + Level 6.3 Axes
 - Level 2.4 Dodging
 - Level 1.5 Stealth


You had 3 spell levels left.
You didn't know any spells.
Your spell library was empty.

Dungeon Overview and Level Annotations

Branches:
Dungeon (3/15)

Altars:

Annotations:
D:3 Grinder


Message History

It was a potion of degeneration.
There was something very wrong with that liquid.
You feel weakened.
You feel dopey.
You feel clumsy. Grinder gestures at you. Pain shoots through your body!
* * * LOW HITPOINT WARNING * * *
It was a potion of brilliance.
You feel clever all of a sudden. Grinder barely misses you.
It was a potion of curing.
You feel better. Grinder gestures at you. Pain shoots through your body!
* * * LOW HITPOINT WARNING * * *
Your chain mail prevents you from hitting Grinder.
Grinder is lightly wounded.
Grinder hits you but does no damage.
You hit Grinder.
Grinder is moderately wounded.
Grinder hits you.
You die...

,,,,,,,,,,,,,,,,#..*
#((....#
***********,..#.#..#
#(####.## *
*,,....#..#### #.#
##.. *
*,*,.........# #.#
##. *
*,*,*#..#.##.###(#
#.
*,*,*#..#.....##.##
#.
*,#,*#..........()#
#.
#.#.##.5......##.##
#.
#......@..#.....##
##.
#.#.......#.....#
#..
*,#....##.#....%#
#.#
*,#.#..*#.#.....#
##.#
*,#,#..*#.#.....#
#..#
*,,,...,..#######
#.## ***###.*### #.#
#.* #.# #.* #.#


You could see Grinder.

Vanquished Creatures
  An adder (D:2)
  3 dart slugs (D:1)
  A leopard gecko (D:2)
  An orc (D:3)
  2 giant cockroaches (D:1)
  7 hobgoblins
  6 bats
  4 frilled lizards
  5 goblins
  4 kobolds
  4 rats
38 creatures vanquished.

Notes
Turn   | Place    | Note
-------+----------+-------------------------------------------
     0 | D:1      | Delamore the Hill Orc Monk began the quest for the Orb.
     0 | D:1      | Reached XP level 1. HP: 19/19 MP: 1/1
   368 | D:1      | Reached XP level 2. HP: 26/26 MP: 2/2
   567 | D:1      | Reached skill level 5 in Axes
   834 | D:1      | Reached XP level 3. HP: 31/31 MP: 3/3
  1211 | D:2      | Reached skill level 6 in Axes
  2175 | D:3      | Noticed Grinder
  2180 | D:3      | Reached XP level 4. HP: 39/39 MP: 4/4
  2191 | D:3      | Paralysed by Grinder for 7 turns
  2202 | D:3      | HP: 1/39 [Grinder/nerve-wracking pain (12)]
  2204 | D:3      | Slain by Grinder

Levels and vault maps discovered:
D:1:      zaba_arrival_water, layout_basic
D:2:      layout_loops_ring, kennysheep_generic_room_14
D:3:      layout_loops_cross, first_ration, kennysheep_donut, uniq_grinder

Skill      XL: |  1  2  3 |
---------------+----------+-----
Axes           | 5 6 |  6.3
Fighting       | |  3.6
Dodging        | |  2.4
Stealth        | |  1.5

Action                   |  1- 3 |  4- 6 || total
-------------------------+-------+-------++-------
Melee: Hand axe          |   125 |     5 ||   130
  Use: Scroll            |     8 |       ||     8
       Potion            |       |     3 ||     3
 Stab: Sleeping          |     1 |       ||     1
  Eat: Chunk             |     4 |       ||     4
Armor: Leather armour    |    28 |       ||    28
       Robe              |     4 |       ||     4
       Chain mail        |     5 |     4 ||     9
Dodge: Dodged            |    74 |     1 ||    75
